[Event "76th Montenegro Championship 2024"]
[Site "Podgorica"]
[Date "2024.02.13"]
[Round "9.7"]
[White "Vukcevic, Nemanja"]
[Black "Drasko, Milan"]
[Result "1/2-1/2"]
[ECO "C02"]
[WhiteElo "2275"]
[BlackElo "2339"]
[Annotator "TA"]
[PlyCount "35"]
[EventDate "2024.02.06"]
[EventType "swiss"]
[EventCountry "MNE"]
[SourceTitle "playchess.com"]
[Source "ChessBase"]
[SourceQuality "1"]
[TimeControl "40/5400+30:1800+30"]

1. e4 e6 2. d4 d5 3. e5 c5 4. c3 Nc6 5. Nf3 Nge7 6. Na3 Ng6 7. Nc2 Be7 8. Bd3 c4 {[%emt 0:03:36] White has an edge.} 9. Be2 f6 10. exf6 Bxf6 11. O-O O-O 12. g3 e5 13. dxe5 Ngxe5 14. Nfd4 Bh3 15. Re1 Qd7 16. f4 ({White should play} 16. Be3 $11) 16... Ng4 $15 17. Nxc6 bxc6 18. Bxc4 {Weighted Error Value: White=0.17 (very precise) /Black=0.07 (flawless) .  Mistake:       	White=2     	---        Inaccurate:     	White=1     	Black=1      OK:         	White=2     	Black=6      Best:        	White=2     	Black=1} ({White should try} 18. Be3 $15) 1/2-1/2

[Event "76th Montenegro Championship 2024"]
[Site "Podgorica"]
[Date "2024.02.13"]
[Round "9.8"]
[White "Ivanovic, Bozidar"]
[Black "Ratkovic, Milorad"]
[Result "1-0"]
[ECO "B84"]
[WhiteElo "2403"]
[BlackElo "2063"]
[Annotator "RC"]
[PlyCount "203"]
[EventDate "2024.02.06"]
[EventType "swiss"]
[EventCountry "MNE"]
[SourceTitle "playchess.com"]
[Source "ChessBase"]
[SourceQuality "1"]
[TimeControl "40/5400+30:1800+30"]

1. e4 c5 2. Nf3 d6 3. d4 cxd4 4. Nxd4 Nf6 5. Nc3 a6 6. Be2 e6 7. f4 Qc7 8. Be3 Be7 9. O-O h5 10. Kh1 Nc6 11. Bf3 Na5 12. Bg1 Bd7 13. Be2 b5 14. a3 Rb8 15. Qd3 Rc8 16. Rf3 e5 17. fxe5 dxe5 18. Nf5 Bxf5 19. Rxf5 Rd8 20. Qe3 Nc4 21. Bxc4 bxc4 22. Raf1 Rb8 23. Qg3 Rxb2 24. Qxg7 Rg8 25. Qh6 Rg6 26. Qc1 Rb7 27. h3 Qa5 28. Qe3 Rb2 29. Qf3 Qxa3 30. Rxe5 Kf8 31. Rxe7 Qxe7 32. Nd5 Qxe4 33. Bc5+ Kg7 34. Qxe4 Nxe4 35. Bd4+ Kh6 36. Bxb2 Ng3+ 37. Kg1 Nxf1 38. Kxf1 Rd6 39. Ne3 Rc6 40. Bc3 Kg6 41. Ke2 Rc8 42. Bb4 Kf6 43. Kf3 Ke5 44. c3 f5 45. g3 Rc6 46. h4 Rc8 47. Ng2 Rd8 48. Ne3 Rc8 49. Ng2 Rd8 50. Ba5 Rc8 51. Ne3 Rc6 52. Nc2 Rc8 53. Nb4 Kf6 54. Bb6 Kg6 55. Nd5 Rb8 56. Ke3 Kf7 57. Kd4 Rc8 58. Nf4 Rb8 59. Kc5 Rc8+ 60. Kd5 Rb8 61. Kc5 Rc8+ 62. Kb4 Rc6 63. Ka5 Kf6 64. Kxa6 Ke5 65. Kb5 Rc8 66. Nxh5 Ke4 67. Ng7 f4 68. gxf4 Kxf4 69. h5 Kg5 70. Be3+ Kf6 71. Bd4+ Kg5 72. Ne6+ Kxh5 73. Nc5 Kg6 74. Kxc4 Kf7 75. Kb5 Ke7 76. Be5 Rg8 77. Kb6 Rg4 78. Kb5 Kd8 79. c4 Rg1 80. Kc6 Rc1 81. Nb7+ Ke7 82. c5 Rc2 83. Bd6+ Ke8 84. Kc7 Kf7 85. Kd7 Rxc5 86. Nxc5 Kf6 87. Nd3 Kf5 88. Nf2 Kf6 89. Bc7 Kf5 90. Ke7 Kg5 91. Kf7 Kf5 92. Bd6 Kg5 93. Ke6 Kg6 94. Ne4 Kg7 95. Kf5 Kh6 96. Ng3 Kh7 97. Kf6 Kh6 98. Bf4+ Kh7 99. Nh5 Kg8 100. Bh6 Kh8 101. Kf7 Kh7 102. Bf8 1-0

[Event "76th Montenegro Championship 2024"]
[Site "Podgorica"]
[Date "2024.02.13"]
[Round "9.9"]
[White "Draganic, Veljko"]
[Black "Tomic, Aleksandar"]
[Result "0-1"]
[ECO "C41"]
[WhiteElo "2323"]
[BlackElo "2398"]
[Annotator "TA"]
[PlyCount "68"]
[EventDate "2024.02.06"]
[EventType "swiss"]
[EventCountry "MNE"]
[SourceTitle "playchess.com"]
[Source "ChessBase"]
[SourceQuality "1"]
[TimeControl "40/5400+30:1800+30"]

1. e4 d6 2. d4 Nf6 3. Nc3 e5 4. Nf3 Nbd7 5. Bc4 Be7 6. O-O O-O 7. Re1 c6 8. a4 h6 9. h3 Re8 10. Ba2 exd4 11. Nxd4 Bf8 12. Bf4 {[%emt 0:08:15] White has an edge.} Nc5 13. Qf3 Be6 14. Nxe6 Nxe6 15. Rad1 (15. Be3 $14) 15... Nxf4 $11 16. Qxf4 Qa5 17. Bb3 Qb4 18. Qf3 Re5 19. Re3 Rae8 20. Rde1 Be7 21. Rd1 (21. Na2 $11 {was preferrable.} Qa5 22. Nc1) 21... Bd8 $1 $15 22. Red3 Bc7 $1 {[%emt 0:04:54][%cal Od6d5] [#] White must now prevent ...d5!} 23. g3 Qc5 {[%emt 0:05:50] Black is more active.} 24. Kg2 Rd8 ({Black should play} 24... h5 $17) 25. Rd4 Re7 26. Qf4 Rde8 27. Qf3 Qe5 28. R1d2 (28. R1d3 $15) 28... Ba5 $17 29. Rxd6 $2 {[%emt 0:05:28] [#] This costs White the game.} (29. Rd1 $17 {is a better defense.}) 29... Bxc3 $1 $19 ({Stronger than} 29... Nxe4 30. Qxe4 Bxc3 31. Qxe5 Bxe5 32. Rd8 $11) 30. bxc3 Nxe4 31. Rd7 Nxd2 32. Bxf7+ $2 (32. Rxd2 Qe4 33. Qxe4 Rxe4 34. Rd7) 32... Kh8 33. Qd3 Rxd7 34. Qxd7 Qe4+ {[%emt 0:00:16] Weighted Error Value: White=0.52/Black=0.17 (very precise) .  Mistake:       	White=5     	Black=1      Inaccurate:     	White=1     	Black=1      OK:         	White=7     	Black=5      Best:        	---       	Black=3      Strong:       	---       	Black=3} 0-1

[Event "76th Montenegro Championship 2024"]
[Site "Podgorica"]
[Date "2024.02.13"]
[Round "9.10"]
[White "Djurovic, Peko"]
[Black "Miletic, Vuk"]
[Result "1-0"]
[ECO "B32"]
[WhiteElo "2332"]
[BlackElo "2213"]
[Annotator "TA"]
[PlyCount "99"]
[EventDate "2024.02.06"]
[EventType "swiss"]
[EventCountry "MNE"]
[SourceTitle "playchess.com"]
[Source "ChessBase"]
[SourceQuality "1"]
[TimeControl "40/5400+30:1800+30"]

1. e4 c5 2. Nf3 Nc6 3. d4 cxd4 4. Nxd4 e5 5. Nb5 d6 6. c4 Be6 7. N1c3 a6 8. Na3 g6 9. Be3 Nf6 10. Be2 {[%emt 0:03:35] Repels Ng4} Bg7 {[%emt 0:00:05] White has an edge.} 11. O-O O-O 12. Nc2 Rc8 13. f3 Nh5 14. Qd2 Nd4 15. Nxd4 exd4 16. Bxd4 Nf4 17. Rfd1 (17. Bxg7 Qg5 18. Kf2 (18. Bxf8 $2 Qxg2#) 18... Kxg7 19. Qd4+ Qe5 $17) (17. Rf2 {simplifies} Bxd4 18. Qxd4 Nxe2+ 19. Rxe2 Rxc4 20. Qf2) 17... Qg5 18. g3 ({White should play} 18. Bf1 $14 Bxd4+ 19. Qxd4 Bxc4 20. g3) 18... Bxd4+ $11 19. Qxd4 {[%emt 0:04:52] Hoping for Bf1.} Nxe2+ 20. Nxe2 Rxc4 21. Qd2 Qc5+ 22. Nd4 Rc8 23. Kg2 Qh5 24. b3 $2 ({Avoid the trap} 24. Nxe6 $2 Rc2 25. Nd4 Rxd2+ 26. Rxd2 Qa5 $19) (24. h4 $11 {and White stays safe.}) 24... R4c5 $2 (24... Rxd4 $1 $19 25. Qxd4 Rc2+ 26. Rd2 Qe5 27. Qxd6 Qxd6 28. Rxc2 g5) 25. Rac1 ({Don't blunder} 25. Nxe6 $2 Rc2 26. Nd4 Rxd2+ 27. Rxd2 d5 28. exd5 Qxd5 $19) 25... d5 26. Nxe6 (26. Rxc5 {feels hotter.} Rxc5 27. Nxe6 fxe6 28. Rc1) 26... fxe6 27. exd5 {[%emt 0:02:16] Strongly threatening Rxc5.} Rxc1 28. Rxc1 Rxc1 29. Qxc1 Qxd5 {[%emt 0:00:02][%mdl 4096] Endgame. KQ-KQ} 30. Qc8+ Kg7 31. Qc7+ Kg8 32. h4 Qd2+ 33. Kh3 {[%emt 0:00:18] Black must now prevent Qb8+.} Qd5 34. Qc8+ Kg7 35. Qc3+ Kg8 36. g4 Kf7 37. Qc7+ Kg8 38. Kg3 e5 {[%emt 0:01:07] [#]} 39. Qe7 (39. g5 $1 $16) 39... Qb5 (39... b5 $11) 40. h5 $16 {[%emt 0:00:00] White is more active.} gxh5 (40... Qe2 $16) 41. gxh5 $18 {[%emt 0:01:46] h6 would kill now.} Qe2 $2 (41... Qc6 42. Qxe5 b5) 42. Qe6+ Kf8 {[%emt 0:01:16] [#]} 43. Qf6+ $1 Ke8 44. Qh8+ Kd7 45. Qxh7+ Kc8 (45... Ke6 $142 46. Qg6+ (46. Qxb7 Qe1+ 47. Kg2 Qe2+ 48. Kh3 Qf1+ 49. Kh4 Qf2+ 50. Kg5 Qg3+ 51. Kh6 Qf4+ 52. Kh7 Qf5+ 53. Kh8 Qxh5+ 54. Kg7 Qg5+ 55. Kh7 Qh5+ 56. Kg8 Qg6+ 57. Qg7 Qe8+ 58. Kh7 Qh5+ 59. Qh6+ Qxh6+ 60. Kxh6 Kf5 $11) 46... Ke7) 46. Qf5+ Kd8 47. h6 {[%emt 0:02:29] White mates.} Qe1+ 48. Kg4 Qg1+ 49. Kh5 Qh2+ 50. Kg6 {[%emt 0:00:08] Weighted Error Value: White=0.25 (precise) /Black=0.49.  Loses game:     	White=1     	---        Missed win:     	---       	Black=1      Mistake:       	White=2     	Black=4      Inaccurate:     	White=1     	Black=5      OK:         	White=9     	Black=18     Best:        	White=5     	Black=1      Strong:       	White=1     	---} 1-0

[Event "76th Montenegro Championship 2024"]
[Site "Podgorica"]
[Date "2024.02.13"]
[Round "9.11"]
[White "Vujovic, Savo"]
[Black "Pobor, Milo"]
[Result "1/2-1/2"]
[ECO "A36"]
[WhiteElo "2137"]
[BlackElo "2201"]
[Annotator "TA"]
[PlyCount "20"]
[EventDate "2024.02.06"]
[EventType "swiss"]
[EventCountry "MNE"]
[SourceTitle "playchess.com"]
[Source "ChessBase"]
[SourceQuality "1"]
[TimeControl "40/5400+30:1800+30"]

1. c4 c5 2. Nc3 Nc6 3. g3 g6 4. Bg2 Bg7 5. e3 e5 6. Nge2 Nge7 7. O-O O-O 8. Nd5 {[%emt 0:00:13] The position is equal.} d6 9. Nec3 Be6 10. d3 Qd7 {[%emt 0:02:58] An uneventful encounter.   Weighted Error Value: White=0.08 (flawless) /Black=0.16 (very precise)} 1/2-1/2

[Event "76th Montenegro Championship 2024"]
[Site "Podgorica"]
[Date "2024.02.13"]
[Round "9.12"]
[White "Zherebtsova, Alexandra"]
[Black "Koljevic, Nikolina"]
[Result "1-0"]
[ECO "E00"]
[WhiteElo "2270"]
[BlackElo "1974"]
[Annotator "TA"]
[PlyCount "55"]
[EventDate "2024.02.06"]
[EventType "swiss"]
[EventCountry "MNE"]
[SourceTitle "playchess.com"]
[Source "ChessBase"]
[SourceQuality "1"]
[TimeControl "40/5400+30:1800+30"]

1. d4 Nf6 2. c4 e6 3. g3 Bb4+ 4. Nd2 O-O 5. Bg2 d6 6. a3 Bxd2+ 7. Qxd2 d5 8. Nf3 {[%emt 0:03:24] White is slightly better.} b6 9. cxd5 Nxd5 (9... exd5 $14 10. Qc2 Nbd7) 10. Qc2 $16 Bb7 11. Ng5 g6 {[%emt 0:01:21][%cal Od5b4] [#]} 12. O-O $1 Nd7 13. Rd1 a5 14. h4 N7f6 (14... Qc8 $16 {is a better defense.} 15. e4 N5f6) 15. e4 $18 Ne7 16. e5 {[%emt 0:04:56] Black is weak on the dark squares} Nfd5 17. Ne4 Kg7 {[%emt 0:06:46] Inhibits Bh6+.} 18. Bg5 {[%emt 0:07:55] Strongly threatening Qc1.} h6 19. Bf6+ {[%emt 0:00:03] A strong pair of Bishops.} Kh7 {[%emt 0:00:59] [#]} 20. h5 $1 $36 {[%emt 0:03:25][%mdl 2560] White is on the roll. White is much more active.} Qd7 (20... Ra7 21. Rd3) 21. g4 Rab8 {[%emt 0:02:22] [#]} 22. Qd2 (22. Rac1 $1 $18) 22... Ng8 $2 {[%emt 0:01:26] This costs Black the game.} (22... Rg8 $1 $14) 23. g5 Ngxf6 24. hxg6+ ({Much weaker is} 24. gxf6 $6 g5 $11) ({Resist} 24. exf6 $6 Rg8 $14) 24... Kxg6 $2 (24... fxg6 25. gxf6 (25. Nxf6+ Nxf6 26. gxf6 Rfd8 $16) (25. exf6 Kg8 $18) 25... g5 26. Nxg5+ Kg8) 25. gxf6 {[%emt 0:00:49] Qd3 would now be deadly.} Kh7 {[%emt 0:00:33] [#]} 26. Ng5+ $1 Kg6 (26... Kg8 27. Ne4) 27. Be4+ Kh5 28. Kg2 {[%emt 0:02:05] Weighted Error Value: White=0.15 (very precise) /Black=0.53.  Loses game:     	---       	Black=1      Mistake:       	White=1     	Black=3      Inaccurate:     	---       	Black=3      OK:         	White=10    	Black=6      Best:        	White=1     	Black=4      Strong:       	White=1     	---} 1-0

[Event "76th Montenegro Championship 2024"]
[Site "Podgorica"]
[Date "2024.02.13"]
[Round "9.13"]
[White "Sukovic, Andrej"]
[Black "Musovic, Armin"]
[Result "1-0"]
[ECO "A34"]
[WhiteElo "2339"]
[BlackElo "2268"]
[Annotator "TA"]
[PlyCount "71"]
[EventDate "2024.02.06"]
[EventType "swiss"]
[EventCountry "MNE"]
[SourceTitle "playchess.com"]
[Source "ChessBase"]
[SourceQuality "1"]
[TimeControl "40/5400+30:1800+30"]

1. c4 c5 2. g3 g6 3. Bg2 Bg7 4. Nc3 Nf6 5. e4 d6 6. Nge2 h5 7. h3 Nc6 8. d3 {[%emt 0:01:32] White is slightly better.} Bd7 9. Be3 Rb8 10. Rb1 a6 11. a3 Qa5 12. Bd2 Qc7 13. b4 b6 14. f4 Kf8 15. Be3 Kg8 16. Qd2 Qc8 17. bxc5 bxc5 18. Rxb8 Qxb8 19. O-O Qc8 20. Kh2 h4 (20... Qd8 $11) 21. g4 $16 Nd4 22. e5 (22. f5 $16) 22... dxe5 $14 23. fxe5 Nh7 ({Better is} 23... Nxe2 $14 24. Nxe2 Nxg4+ 25. hxg4 Bxg4) 24. Bf4 (24. Bxd4 $18 {is more deadly.} cxd4 25. Qf4) 24... Ne6 (24... Nc6 $142) 25. Kh1 $16 Nxf4 26. Qxf4 Be8 27. Nd5 {[%emt 0:00:48] Wards off Qc7} Qd8 28. e6 $40 {[%emt 0:02:22][%mdl 128] White is out for blood. White is much more active. The black rooks are passive.} fxe6 {[%emt 0:03:37][%mdl 8192] [#]} (28... Bf6 $16) 29. Qb8 $3 $18 Qd7 30. Nb6 {[%emt 0:00:15] A dynamic duo of knights.} Qxd3 31. Qxe8+ Nf8 32. Nf4 Qc2 33. Nxe6 {[%emt 0:00:32] White mates.} Kh7 34. Nxg7 Ne6 35. Qxe7 Nxg7 36. Qxh4+ {[%emt 0:00:40] Weighted Error Value: White=0.09 (flawless) /Black=0.51.  Loses game:     	---       	Black=1      Mistake:       	White=2     	Black=3      Inaccurate:     	White=1     	Black=1      OK:         	White=10    	Black=7      Best:        	White=2     	Black=2      Brilliant:      	White=1     	---} 1-0

[Event "76th Montenegro Championship 2024"]
[Site "Podgorica"]
[Date "2024.02.13"]
[Round "9.14"]
[White "Vujosevic, Vladimir"]
[Black "Grbovic, Dino"]
[Result "1-0"]
[ECO "C00"]
[WhiteElo "2335"]
[BlackElo "1946"]
[Annotator "TA"]
[PlyCount "65"]
[EventDate "2024.02.06"]
[EventType "swiss"]
[EventCountry "MNE"]
[SourceTitle "playchess.com"]
[Source "ChessBase"]
[SourceQuality "1"]
[TimeControl "40/5400+30:1800+30"]

1. e4 e5 2. Nf3 Nc6 3. Bb5 Nf6 4. d3 Bc5 5. c3 d5 6. Nbd2 O-O 7. O-O dxe4 8. dxe4 Qe7 9. h3 Nb8 10. Nh2 c6 11. Be2 {[%emt 0:03:07] The position is equal.} Rd8 {[%emt 0:06:44] [#] And now ...Nxe4 would win.} 12. Qc2 Nbd7 13. b4 Bd6 14. Nc4 Bc7 15. a4 Nf8 16. Ba3 Ng6 17. b5 Qe8 18. Rfb1 Nf4 19. Bf1 Be6 20. Nf3 Nxe4 $2 {[%emt 0:07:46][%mdl 8192] [#] This move loses the game for Black.} 21. Qxe4 $18 f5 22. Qe3 Nxh3+ $2 (22... e4 {keeps fighting.}) 23. gxh3 f4 24. Qe2 Qg6+ 25. Kh1 e4 26. Nfd2 Rd3 27. f3 {[%emt 0:00:00] White is clearly winning.} Re8 (27... Bxc4 $142 28. Qxe4 (28. Nxc4 Rxf3 29. Bg2 Rg3 $18) 28... Rxd2 29. Bxc4+ (29. Qxc4+ Kh8 $11) 29... Kh8 30. Qxg6 hxg6 31. bxc6 bxc6) 28. Qg2 (28. fxe4 Red8 29. bxc6 (29. Qxd3 Rxd3 30. Bxd3 Bxh3 $17) 29... Bxh3 $18) 28... Qh5 29. Bxd3 (29. fxe4 $2 {loses.} Rxh3+ (29... Qxh3+ $2 30. Qxh3 Rxh3+ 31. Bxh3 $18) 30. Kg1 Rg3 (30... Rxc3 31. Qh2 $16) 31. bxc6 Rxg2+ 32. Bxg2 Bxc4 (32... bxc6 $2 33. Rb7 $19) 33. Rxb7 Qe2 $19 (33... f3 $2 34. Nxf3 Bf4 35. Bc1 $19)) 29... Bxh3 (29... exf3 $142 30. Qh2 (30. Nxf3 Bxh3 31. Qf2 Bf1+ 32. Kg1 Bxd3 $18) (30. Qxf3 Bd5 $11) 30... Bd5) 30. Qh2 exd3 31. Re1 Re2 32. Rxe2 dxe2 33. Re1 {[%emt 0:00:00] Weighted Error Value: White=0.41/Black=0.64.  Loses game:     	---       	Black=1      Mistake:       	---       	Black=3      Inaccurate:     	---       	Black=2      OK:         	White=10    	Black=8      Best:        	White=2     	Black=1} 1-0

[Event "76th Montenegro Championship 2024"]
[Site "Podgorica"]
[Date "2024.02.13"]
[Round "9.15"]
[White "Abramovic, Dragoljub"]
[Black "Scekic, Veljko"]
[Result "0-1"]
[ECO "D00"]
[WhiteElo "2018"]
[BlackElo "2206"]
[Annotator "RC"]
[PlyCount "176"]
[EventDate "2024.02.06"]
[EventType "swiss"]
[EventCountry "MNE"]
[SourceTitle "playchess.com"]
[Source "ChessBase"]
[SourceQuality "1"]
[TimeControl "40/5400+30:1800+30"]

1. d4 d5 2. Bf4 c5 3. e3 Nc6 4. Nc3 a6 5. Nf3 e6 6. Be2 Bd6 7. Bxd6 Qxd6 8. O-O Nf6 9. Na4 c4 10. Nb6 Rb8 11. c3 Nd7 12. Nxd7 Bxd7 13. Nd2 O-O 14. e4 b5 15. e5 Qe7 16. a3 a5 17. f4 b4 18. axb4 axb4 19. Bf3 bxc3 20. bxc3 Rb2 21. Qc1 Rfb8 22. Bd1 Qd8 23. Bc2 g6 24. Ba4 Ne7 25. Bc2 Nc6 26. Ba4 Ne7 27. Bc2 Kg7 28. Rf3 h6 29. Nf1 Qb6 30. Rf2 Nf5 31. Bxf5 Rxf2 32. Kxf2 exf5 33. Ne3 Be6 34. Ra2 Qd8 35. g3 Rb3 36. Rc2 Qb6 37. Qd2 Qa5 38. Nd1 Rb1 39. Ke2 Ra1 40. Rc1 Ra2 41. Rc2 Ra3 42. h3 Bd7 43. Nb2 Qb6 44. Qc1 Qb3 45. Kd2 h5 46. h4 Kh7 47. Nd1 Ba4 48. Ne3 Ra2 49. Rxa2 Qxa2+ 50. Ke1 Qh2 51. Nf1 Qg2 52. Qd2 Qf3 53. Qe3 Qd1+ 54. Kf2 Qc2+ 55. Qd2 Qb1 56. Ne3 Bc6 57. Qc2 Qb5 58. Kf3 Qa5 59. Qb2 Bd7 60. Ke2 Be6 61. Nc2 Qa4 62. Kd2 Kg7 63. Qb4 Qa2 64. Kc1 Qa8 65. Kb2 Qa6 66. Qa3 Qc8 67. Qa7 Qd8 68. Nb4 Qc8 69. Ka3 Qd8 70. Qa6 Qc7 71. Qb5 Qa7+ 72. Kb2 Qa8 73. Qc6 Qb8 74. Ka3 Qa7+ 75. Qa6 Qc7 76. Qa8 Qd7 77. Qa6 Qc7 78. Qb5 Qa7+ 79. Qa4 Qb8 80. Qa5 Qb7 81. Qa6 Qc7 82. Nc6 Bc8 83. Qb5 Bd7 84. Qxd5 Bxc6 85. Qxc4 Qa5+ 86. Kb2 Bd5 87. Qd3 Qa2+ 88. Kc1 Be4 0-1

[Event "76th Montenegro Championship 2024"]
[Site "Podgorica"]
[Date "2024.02.13"]
[Round "9.16"]
[White "Nikac, Predrag"]
[Black "Lekic, Pavle"]
[Result "1-0"]
[ECO "C55"]
[WhiteElo "2304"]
[BlackElo "1661"]
[Annotator "RC"]
[PlyCount "93"]
[EventDate "2024.02.06"]
[EventType "swiss"]
[EventCountry "MNE"]
[SourceTitle "playchess.com"]
[Source "ChessBase"]
[SourceQuality "1"]
[TimeControl "40/5400+30:1800+30"]

1. e4 e5 2. Nf3 Nc6 3. Bc4 Nf6 4. d3 Be7 5. O-O O-O 6. Re1 d6 7. a4 Bg4 8. h3 Bh5 9. Nbd2 d5 10. exd5 Nxd5 11. g4 Bg6 12. Nxe5 Nxe5 13. Rxe5 c6 14. Bxd5 Bd6 15. Re1 cxd5 16. Nf1 f5 17. g5 f4 18. Qg4 Bf5 19. Qg2 Rc8 20. c3 Bb8 21. d4 Qd7 22. h4 Bh3 23. Qf3 Bg4 24. Qh1 Bh3 25. f3 Rce8 26. Bd2 h6 27. Rxe8 Rxe8 28. Re1 Rf8 29. Re2 Qf5 30. Rh2 Bxf1 31. Kxf1 Qd3+ 32. Re2 hxg5 33. hxg5 Qa6 34. Ke1 Qg6 35. Qh3 Rf5 36. Kd1 Rxg5 37. Qc8+ Kh7 38. Rh2+ Rh5 39. Rxh5+ Qxh5 40. Qxb8 Qxf3+ 41. Kc2 Qe4+ 42. Kb3 f3 43. Qg3 Qe2 44. Qe1 g5 45. Qxe2 fxe2 46. Kc2 g4 47. Kd3 1-0

[Event "76th Montenegro Championship 2024"]
[Site "Podgorica"]
[Date "2024.02.13"]
[Round "9.17"]
[White "Popovic, Mateja"]
[Black "Djukanovic, Sreten"]
[Result "1-0"]
[ECO "A43"]
[WhiteElo "1880"]
[BlackElo "2068"]
[Annotator "NA RC"]
[PlyCount "63"]
[EventDate "2024.02.06"]
[EventType "swiss"]
[EventCountry "MNE"]
[SourceTitle "playchess.com"]
[Source "ChessBase"]
[SourceQuality "1"]
[TimeControl "40/5400+30:1800+30"]

1. d4 c5 2. d5 Nf6 3. Nc3 g6 4. e4 d6 5. Nf3 Bg7 6. Bc4 O-O 7. O-O Bg4 8. h3 Bxf3 9. Qxf3 Nbd7 10. Qd1 Ne8 11. Re1 Nc7 12. a4 a6 13. a5 b5 14. axb6 Nxb6 15. Bf1 f5 16. Bg5 h6 17. Bd2 f4 18. Qg4 g5 19. h4 Qd7 20. Qh5 Qe8 21. Qg4 Nd7 22. e5 h5 23. Qxg5 dxe5 24. Be2 e6 25. Bxh5 Qd8 26. Qxd8 Rfxd8 27. Bf3 Rab8 28. d6 Ne8 29. Rxa6 Rxb2 30. Ne4 Nef6 31. Ba5 Re8 32. Ra7 1-0

[Event "76th Montenegro Championship 2024"]
[Site "Podgorica"]
[Date "2024.02.13"]
[Round "9.18"]
[White "Milovic, Ilija"]
[Black "Kandic, Milojko"]
[Result "1-0"]
[ECO "D08"]
[WhiteElo "1823"]
[BlackElo "2046"]
[Annotator "NA RC"]
[PlyCount "66"]
[EventDate "2024.02.06"]
[EventType "swiss"]
[EventCountry "MNE"]
[SourceTitle "playchess.com"]
[Source "ChessBase"]
[SourceQuality "1"]
[TimeControl "40/5400+30:1800+30"]

1. d4 d5 2. c4 e5 3. dxe5 d4 4. Nf3 c5 5. e3 Nc6 6. exd4 cxd4 7. Bd3 Bg4 8. O-O Nge7 9. Bf4 Ng6 10. Bg3 h5 11. h3 h4 12. Bh2 Bh5 13. Re1 Bb4 14. Re4 O-O 15. a3 Be7 16. Nbd2 a5 17. Qc2 Rc8 18. e6 fxe6 19. Rxe6 Nf4 20. Bxf4 Rxf4 21. Bg6 d3 22. Qxd3 Nd4 23. Qe3 Bxg6 24. Rxg6 Bf6 25. Re1 Nxf3+ 26. Nxf3 Rfxc4 27. Qe6+ Kh7 28. Rg4 Rc1 29. Rge4 Bxb2 30. Qf5+ Kg8 31. Ng5 Rxe1+ 32. Rxe1 Qxg5 33. Qxg5 Bf6 1-0

[Event "76th Montenegro Championship 2024"]
[Site "Podgorica"]
[Date "2024.02.14"]
[Round "10.1"]
[White "Kadric, Denis"]
[Black "Djukic, Nikola"]
[Result "1/2-1/2"]
[ECO "B36"]
[WhiteElo "2584"]
[BlackElo "2529"]
[Annotator "TA"]
[PlyCount "85"]
[EventDate "2024.02.06"]
[EventType "swiss"]
[EventCountry "MNE"]
[SourceTitle "playchess.com"]
[Source "ChessBase"]
[SourceQuality "1"]
[TimeControl "40/5400+30:1800+30"]

1. e4 c5 2. Nf3 Nc6 3. d4 cxd4 4. Nxd4 g6 5. c4 Nf6 6. Nc3 Nxd4 7. Qxd4 d6 8. Be2 Bg7 9. O-O O-O 10. Qd3 {[%emt 0:00:01] B36: Sicilian: Maroczy Bind: Gurgenidze System.} a5 11. Be3 a4 12. Bd4 Bd7 13. f4 Bc6 14. b4 axb3 15. axb3 Rxa1 16. Rxa1 Nd7 17. b4 $146 ({Predecessor:} 17. Bxg7 Kxg7 18. Qe3 Qb6 19. Qxb6 Nxb6 20. Kf2 Ra8 21. Rxa8 Nxa8 22. e5 dxe5 23. fxe5 {1-0 Goganov,A (2526)-Zarubitski,V (2459) Chigorin Memorial 29th 2022 (9)}) 17... e5 18. fxe5 Nxe5 19. Qd2 Qh4 20. Bf2 Qf6 21. Ra3 Qe6 22. b5 Bd7 (22... Nxc4 $2 23. Bxc4 Qxc4 24. bxc6 $16) 23. Nd5 Kh8 24. Qg5 f6 25. Qh4 g5 26. Qg3 f5 27. Qxg5 fxe4 28. Be3 Qf7 (28... Bxb5 $2 29. Nf4 (29. Nc7 Qf7 $18) 29... Qh6 30. Qxh6 Bxh6 31. Ng6+ hxg6 32. Bxh6 (32. cxb5 $2 Bxe3+ 33. Rxe3 d5 $19) 32... Bxc4 33. Bxf8 $18) 29. Qe7 (29. Qf4 $1 $11 {is more appropriate.}) 29... Qf5 (29... Qxe7 $15 30. Nxe7 Bg4) 30. Nf4 (30. Ra7 $2 Ng4 $19) 30... Bh6 31. g3 Re8 32. Qh4 $1 (32. Qxd6 $2 Bf8 33. Qd5 Bxa3 $19) 32... Bg7 33. Qh5 Nf3+ 34. Kf2 Qxh5 35. Nxh5 Nxh2 36. Nxg7 Kxg7 37. Ra7 Bc8 38. Bf4 Nf3 $1 39. Ke3 (39. Bxd6 $16 {[%cal Oc4c5] c5! would now be deadly.} Nd4 40. c5 e3+ 41. Ke1) 39... Ne5 $14 40. Ra8 (40. Kxe4 Nc6+ (40... Nxc4+ 41. Kf3 $11) 41. Kd5 Nxa7 $19) 40... Kf6 41. Kd4 (41. Kxe4 $2 {is the wrong capture.} Bf5+ (41... Nxc4+ 42. Kd4 $11) 42. Kd5 Rxa8 $19) 41... Nf3+ 42. Ke3 Ne5 43. Kd4 (43. Kxe4 $2 {too greedy.} Bf5+ (43... Nxc4+ 44. Kd4 $11) 44. Kd5 Rxa8 $19) (43. g4 $5) 1/2-1/2